Map: Thunderbird LE

Players

PtitDrogo - Winner!

  • Race: Protoss Protoss
  • League: Master
  • Spawn Location: 5:00

GOReynor (Reynor)

  • Race: Zerg Zerg
  • League: Master
  • Spawn Location: 11:00

Event: QLASH StarCraft II Invitational 2 Offline Finals

VOD

Have the link to the VOD?

Description

Time

  • Played on: July 27, 2019, 10:59 a.m.
  • Length: 11:06

All games in this series

Show
View Real Time Build Order
Export as new Build Order

PtitDrogo Protoss - Winner!

Build Orders: Oracle Opening, Zealot Archon 

Get SALT Encoding   

  12  0:00  Probe  
  13  0:12  Probe  
  14  0:19  Pylon  
  14  0:25  Probe  
  15  0:34  Probe  
  15  0:42  Probe  
  16  0:43  Gateway  
  17  0:51  Assimilator  
  17  0:53  Probe  
  18  1:05  Probe  
  19  1:17  Probe  
  20  1:21  Zealot, Pylon  
  20  1:27  Pylon  
  20  1:31  Cybernetics Core  
  22  1:42  Gateway  
  22  1:44  Probe  
  22  1:46  Zealot  
  25  2:06  Adept  
  24  2:08  Warp Gate  
  26  2:19  Pylon  
  26  2:29  Nexus  
  26  2:31  Adept  
  26  2:36  Probe  
  29  2:43  Pylon  
  29  2:50  Probe  
  30  2:52  Assimilator  
  30  2:59  Stargate  
  30  3:02  Probe  
  31  3:15  Probe  
  33  3:27  Probe  
  33  3:28  Pylon  
  33  3:36  Oracle  
  33  3:39  Probe  
  32  3:41  Probe  
  36  3:50  Probe  
  36  3:53  Probe  
  38  3:57  Stalker  
  38  3:58  Probe  
  41  4:05  Probe  
  41  4:06  Probe  
  42  4:13  Oracle  
  46  4:18  Probe, Adept  
  46  4:20  Probe  
  50  4:30  Probe  
  51  4:32  Probe  
  52  4:42  Probe  
  52  4:44  Probe  
  52  4:45  Pylon  
  54  4:48  Adept x2  
  58  4:54  Oracle, Probe  
  58  4:57  Probe  
  60  5:06  Probe  
  64  5:09  Nexus, Probe  
  65  5:15  Pylon  
  65  5:18  Probe  
  65  5:21  Probe  
  64  5:30  Probe  
  64  5:33  Probe  
  64  5:34  Assimilator  
  66  5:36  Forge, Assimilator, Twilight Council  
  66  5:41  Robotics Facility  
  66  5:42  Probe  
  67  5:45  Probe  
  68  5:54  Probe  
  69  5:57  Protoss Ground Weapons Level 1, Probe  
  70  6:05  Charge  
  70  6:06  Gateway, Probe  
  70  6:08  Gateway x2  
  70  6:09  Gateway, Probe  
  70  6:11  Gateway  
  72  6:18  Probe  
  72  6:20  Gateway  
  72  6:22  Probe  
  72  6:23  Probe  
  75  6:31  Probe, Templar Archives  
  76  6:34  Warp Prism, Probe  
  77  6:46  Probe x3  
  82  6:47  Pylon  
  82  6:54  Pylon  
  82  6:55  Assimilator  
  82  6:58  Probe, Pylon  
  82  7:00  Probe  
  82  7:01  Assimilator  
  84  7:07  Probe  
  85  7:10  Probe  
  86  7:19  Probe  
  86  7:21  Probe  
  88  7:23  Pylon  
  88  7:26  Pylon  
  88  7:27  Probe, Pylon  
  89  7:31  High Templar x4  
  89  7:32  Zealot x4  
  89  7:35  Photon Cannon  
  89  7:37  Archon x2  
  105  7:39  Probe  
  105  7:42  Nexus  
  105  7:44  Pylon  
  106  7:55  Pylon  
  106  8:07  Zealot x6  
  106  8:08  Zealot x2  
  106  8:09  Probe  
  119  8:14  Immortal  
  119  8:17  Protoss Ground Weapons Level 2  
  93  8:24  Probe  
  88  8:32  High Templar x6  
  100  8:35  Zealot x2  
  100  8:36  Archon x2  
  100  8:37  Archon  
  100  8:39  Probe  
  105  8:42  Gateway  
  105  8:43  Gateway, Probe  
  105  8:45  Assimilator  
  106  8:50  Assimilator  
  106  8:52  Pylon  
  106  8:53  Probe x2  
  108  8:56  Probe x2  
  110  9:05  Probe  
  110  9:06  Sentry  
  110  9:08  Zealot  
  110  9:09  Zealot  
  117  9:10  High Templar x2  
  117  9:11  Zealot x3  
  117  9:13  Immortal, Probe  
  117  9:15  Archon, Pylon  
  117  9:16  Pylon  
  132  9:25  Probe  
  133  9:34  High Templar  
  133  9:35  High Templar  
  133  9:36  High Templar x2, Photon Cannon  
  133  9:37  Zealot x4  
  149  9:40  Archon x2  
  149  9:42  Warp Prism  
  149  9:45  Zealot x2  
  151  9:53  Photon Cannon  
  151  9:58  Photon Cannon x2  
  145  10:01  Shield Battery x2  
  145  10:03  High Templar x3  
  145  10:04  High Templar  
  145  10:06  Zealot x2, Photon Cannon  
  145  10:07  Zealot, Archon  
  159  10:08  Archon  
  159  10:09  Zealot x2  
  163  10:15  Stalker  
  163  10:17  Shield Battery  
  162  10:27  Probe  
  162  10:28  Stalker x3  
  162  10:34  Probe  
  151  10:38  Probe  
  151  10:41  Zealot x7  
  150  10:51  Probe  
  150  10:52  Probe x2  
  150  10:53  Probe  
  150  10:54  Zealot x3  
  148  11:02  Zealot x2  
  148  11:03  Zealot x2  
Show
View Real Time Build Order
Export as new Build Order

GOReynor Zerg 

Build Orders: Pool First, Muta Ling Bane 

Get SALT Encoding   

  12  0:17  Spawning Pool  
  11  0:22  Drone  
  11  0:26  Drone  
  13  0:31  Drone  
  14  0:42  Overlord  
  14  1:04  Zergling x4  
  16  1:05  Zergling x2  
  17  1:16  Zergling x2  
  18  1:26  Zergling x2  
  19  1:34  Queen  
  19  1:39  Hatchery  
  20  1:42  Overlord  
  20  1:48  Drone  
  21  1:59  Drone  
  22  2:02  Extractor  
  21  2:09  Drone  
  21  2:11  Queen  
  24  2:20  Drone  
  23  2:30  Drone  
  24  2:42  Drone x2  
  24  2:43  Drone  
  27  2:53  Drone  
  28  2:59  Zergling x2  
  29  3:07  Hatchery  
  29  3:09  Zergling x2  
  29  3:10  Drone  
  30  3:14  Overlord  
  30  3:17  Drone  
  31  3:20  Drone  
  31  3:24  Drone x2  
  34  3:30  Metabolic Boost  
  34  3:39  Zergling x6  
  34  3:40  Drone  
  35  3:46  Drone x2  
  37  3:50  Overlord  
  37  3:56  Drone x2  
  37  3:57  Drone  
  40  4:03  Spore Crawler  
  40  4:06  Queen  
  40  4:09  Drone  
  42  4:11  Drone  
  42  4:15  Spore Crawler  
  42  4:16  Drone  
  43  4:19  Drone  
  43  4:23  Drone  
  45  4:24  Drone  
  45  4:27  Drone  
  45  4:28  Spore Crawler, Drone  
  45  4:30  Drone  
  48  4:33  Overlord  
  48  4:36  Drone  
  48  4:45  Zergling x6  
  49  4:49  Overlord  
  49  4:52  Drone x3  
  51  4:53  Drone x2  
  51  4:55  Drone  
  51  4:56  Drone x2  
  51  4:59  Zergling x4  
  57  5:03  Overlord  
  57  5:07  Evolution Chamber  
  57  5:08  Zergling x4  
  57  5:10  Queen  
  57  5:12  Zergling x2  
  61  5:18  Overlord  
  61  5:21  Drone  
  60  5:25  Zergling x2  
  60  5:28  Drone  
  61  5:30  Drone x4  
  61  5:32  Queen  
  66  5:38  Drone x3  
  66  5:39  Drone  
  66  5:40  Drone  
  66  5:42  Overlord  
  71  5:48  Drone, Zerg Melee Weapons Level 1  
  72  5:50  Drone  
  72  5:52  Drone  
  74  5:57  Extractor  
  74  5:58  Extractor  
  74  5:59  Drone, Roach Warren  
  74  6:00  Drone  
  74  6:03  Drone  
  74  6:06  Drone x4  
  74  6:11  Drone x4  
  81  6:16  Lair  
  81  6:18  Drone  
  83  6:19  Extractor  
  83  6:20  Extractor  
  81  6:29  Overlord  
  81  6:34  Drone x6  
  81  6:35  Hatchery  
  81  6:36  Overlord  
  81  6:37  Queen  
  87  6:43  Overlord  
  87  6:44  Drone x2  
  89  6:50  Drone x2, Extractor  
  89  6:52  Baneling Nest  
  89  6:53  Overlord  
  89  6:58  Drone x3  
  92  7:02  Evolution Chamber  
  92  7:04  Overlord  
  92  7:06  Drone x5  
  92  7:07  Drone x2  
  95  7:08  Overlord  
  95  7:09  Drone  
  95  7:14  Glial Reconstitution  
  96  7:17  Drone  
  96  7:19  Overlord  
  96  7:20  Spire  
  96  7:23  Drone  
  96  7:24  Drone x3  
  96  7:29  Overlord  
  100  7:33  Roach  
  100  7:34  Roach x4  
  100  7:35  Extractor  
  100  7:36  Roach x3  
  115  7:42  Roach x2  
  119  7:45  Baneling x9  
  119  7:46  Roach x2, Zergling x2  
  119  7:49  Roach, Zergling x2  
  127  7:52  Spine Crawler  
  127  7:53  Baneling x3  
  127  7:54  Baneling  
  127  7:57  Overlord  
  126  8:00  Zergling x2  
  126  8:01  Zergling x4  
  126  8:02  Baneling x4  
  126  8:04  Roach x2, Zergling x6  
  136  8:07  Overlord  
  136  8:09  Queen  
  132  8:15  Roach x2, Zergling x10  
  130  8:22  Zerg Missile Weapons Level 1  
  130  8:23  Zerg Melee Weapons Level 2  
  130  8:26  Drone x3  
  128  8:27  Drone  
  128  8:30  Drone  
  128  8:31  Drone x3  
  128  8:33  Drone x2  
  136  8:36  Drone x4  
  136  8:39  Overlord  
  140  8:48  Extractor  
  140  8:51  Overlord  
  139  9:02  Overlord  
  139  9:03  Mutalisk x6  
  139  9:05  Hatchery, Zergling x14  
  156  9:12  Centrifical Hooks  
  156  9:18  Zergling x12  
  156  9:20  Mutalisk x2  
  156  9:23  Overlord  
  166  9:28  Mutalisk  
  166  9:32  Zergling x2  
  166  9:33  Zergling x12  
  166  9:36  Overlord  
  166  9:41  Roach x4  
  166  9:45  Mutalisk x2  
  174  9:52  Overlord  
  178  9:57  Baneling x9  
  178  9:58  Baneling x7  
  177  10:01  Drone x7  
  177  10:02  Zergling x2  
  177  10:03  Zergling x14  
  177  10:05  Infestation Pit  
  191  10:11  Zergling x8  
  191  10:18  Zergling x2  
  191  10:19  Zergling x8  
  177  10:24  Baneling x10  
  177  10:25  Roach x2, Zergling x2  
  177  10:26  Zergling x6  
  178  10:31  Roach, Zergling x2  
  178  10:33  Roach x2, Zergling x2  
  173  10:36  Zergling x6  
  173  10:41  Roach x2, Zergling x2  
Tags
 
Add a new tag
Caveats
  • Supply blocks, unpowered buildings, or Contaminate may cause inaccurate times.
  • Supply counts are checked every 10 seconds.